 Dungeon Crawl Stone Soup version 0.24-a0-789-g35933f4585 (webtiles) character file.

Game seed: 16766863556975624774, levelgen mode: deterministic

179 Conn the Firebug (level 5, -2/32 HPs)
             Began as an Octopode Fire Elementalist on Oct 10, 2019.
             Was an Initiate of Sif Muna.
             Slain by Sigmund
             ... wielding a +2 scythe of protection
              (9 damage)
             ... on level 3 of the Dungeon.
             The game lasted 00:06:27 (3529 turns).

Conn the Firebug (Octopode Fire Elementalist)       Turns: 3529, Time: 00:06:28

Health: -2/32      AC:  1    Str:  7 (9)  XL:     5   Next: 59%
Magic:  0/9        EV: 13    Int: 17 (18) God:    Sif Muna [......]
Gold:   145        SH:  4    Dex: 12 (13) Spells: 3/10 levels left

rFire    . . .     SeeInvis .   h - +0 short sword
rCold    . . .     Gourm    .   (no shield)
rNeg     . . .     Faith    .   (helmet restricted)
rPois    .         Spirit   .   (no amulet)
rElec    .         Reflect  .   (no ring)
rCorr    .         Harm     .   (no ring)
MR       .....                  (no ring)
Stlth    +++.......             (no ring)
HPRegen  0.10/turn              (no ring)
MPRegen  0.11/turn              (no ring)
                                (no ring)
                                (no ring)

@: no status effects
A: almost no armour, stealthy swim, amphibious, 8 rings, constrict 8, large bone
plates 1, camouflage 1, strong 1, gelatinous body 1
a: Renounce Religion


You were on level 3 of the Dungeon.
You worshipped Sif Muna.
Sif Muna was noncommittal.
You were not hungry.

You visited 1 branch of the dungeon, and saw 3 of its levels.

You collected 145 gold pieces.

Inventory:

Hand Weapons
 h - a +0 short sword (weapon)
Missiles
 e - 4 javelins (quivered)
 k - 12 poisoned darts
Scrolls
 a - 5 scrolls of identify {unknown}
 c - a scroll of random uselessness {unknown}
 f - a scroll of teleportation {unknown}
 g - a scroll of immolation {unknown}
 n - a scroll of enchant armour {unknown}
 o - a scroll of amnesia {unknown}
Potions
 m - a potion of cancellation {unknown}
Comestibles
 b - 10 rations
 i - a chunk of flesh


   Skills:
 + Level 0.3 Fighting
 + Level 0.8 Short Blades
 + Level 2.5 Dodging
 + Level 4.0 Stealth
 + Level 3.1 Spellcasting
 + Level 2.0 Conjurations
 + Level 4.1 Fire Magic


You had 3 spell levels left.
You knew the following spells:

 Your Spells              Type           Power        Failure   Level  Hunger
a - Flame Tongue          Conj/Fire      ##...        4%          1    None
b - Conjure Flame         Conj/Fire      ##......     14%         3    ###....
c - Inner Flame           Hex/Fire       #.......     22%         3    ###....

Your spell library contained the following spells:

 Spells                   Type           Power        Failure   Level  Hunger
 Throw Flame              Conj/Fire      ##....       8%          2    ##.....
 Sticky Flame             Conj/Fire      ##......     43%         4    ####...
 Fireball                 Conj/Fire      ##........   80%         5    ######.


Dungeon Overview and Level Annotations

Branches:
Dungeon (3/15)

Altars:
Cheibriados
Elyvilon
Sif Muna

Annotations:
D:3 Sigmund


Innate Abilities, Weirdness & Mutations

You cannot wear most types of armour.
You are very stealthy in the water. (Stealth+)
You are amphibious.
You can wear up to eight rings at the same time.
You can use your tentacles to constrict eight enemies at once.
Your skin changes colour to match your surroundings (Stealth+).
Your rubbery body absorbs attacks. (AC +1, EV +1)
You are partially covered in large bone plates. (SH +4)
Your muscles are strong. (Str +2)


Message History

Something tries to affect you, but you resist.
Fire/throw which item? (* to show all) (? for menu, Esc to quit)
Throwing (i - inventory. (/) - cycle)
e - 4 javelins (quivered)
Press: ? - help, Shift-Dir - straight line You throw a poisoned dart.
Something hits you!
Casting: Flame Tongue (safe; 4% risk of failure)
Confirm with . or Enter, or press ? or * to list all spells.
Aiming: Flame Tongue (safe; 4% risk of failure)
Press: ? - help, Shift-Dir - straight line The flame tongue hits something.
Fire/throw which item? (* to show all) (? for menu, Esc to quit)
Throwing (i - inventory. (/) - cycle)
e - 4 javelins (quivered)
Press: ? - help, Shift-Dir - straight line You throw a poisoned dart.
Something hits you!
* * * LOW HITPOINT WARNING * * *
It was a potion of degeneration.
There was something very wrong with that liquid.
You feel weakened.
You feel dopey.
You feel clumsy. Something hits you!
You die...

.......................(.).(.....
.###(#..###########..##.....(((..
.###.#.############.###..#.##(###
.........................#.##.###
...(.....................(....>..
..##.###########.#.####..#.##.###
..##.# #.#..#.....<(..# ..##.#
#.##.#.#..#.##.# ..##.#
#@##...#..#.##.#
..##.###########.###..#..#....#
.........(.(.((...............#
..##.###########.###.##..#.#..#
..##.# #.# #..#..#.#..###
#.##'######### #.# ##.#..........
.............. ... #.#..#.......
........# #.# #.#....#..###
........########.. #.).##.#..#


There were no monsters in sight!

Vanquished Creatures
  A bullfrog (D:3)
  An orc wizard (D:3)
  An adder (D:3)
  An ooze (D:3)
  3 worms
  3 dart slugs
  2 orcs (D:3)
  5 bats
  3 giant cockroaches
  8 goblins
  13 hobgoblins
  6 kobolds
  4 quokkas
  A ball python (D:2)
  2 frilled lizards (D:3)
  2 rats (D:2)
56 creatures vanquished.

Notes
Turn   | Place    | Note
-------+----------+-------------------------------------------
     0 | D:1      | Conn the Octopode Fire Elementalist began the quest for the
                  | Orb.
     0 | D:1      | Reached XP level 1. HP: 11/11 MP: 3/3
   366 | D:1      | Reached XP level 2. HP: 3/17 MP: 0/5
  1157 | D:2      | Reached XP level 3. HP: 21/21 MP: 0/6
  1644 | D:3      | Noticed a bullfrog
  1653 | D:3      | Killed a bullfrog
  1653 | D:3      | Reached XP level 4. HP: 21/27 MP: 1/8
  2024 | D:2      | Found a white marble altar of Elyvilon.
  2096 | D:2      | Found a shimmering blue altar of Sif Muna.
  2101 | D:2      | Became a worshipper of Sif Muna the Loreminder
  2112 | D:2      | Found a snail-covered altar of Cheibriados.
  2366 | D:2      | Reached XP level 5. HP: 31/31 MP: 5/9
  2376 | D:2      | Learned a level 3 spell: Conjure Flame
  2380 | D:2      | Learned a level 3 spell: Inner Flame
  3507 | D:3      | Noticed Sigmund
  3518 | D:3      | Gained mutation: You are partially covered in large bone
                  | plates. (SH +4) [potion of mutation]
  3518 | D:3      | Gained mutation: Your muscles are strong. (Str +2) [potion
                  | of mutation]
  3529 | D:3      | Slain by Sigmund

Levels and vault maps discovered:
D:1:      dpeg_arrival_refuge, layout_basic
D:2:      layout_basic, elyvilon_altar_5, amethyst_overflow_temple_binary,
          first_ration
D:3:      minmay_goblin_kobold_castle, layout_basic, uniq_sigmund

Skill      XL: |  1  2  3  4  5 |
---------------+----------------+-----
Stealth        | 3 4 |  4.0
Fire Magic     | 4 |  4.1
Spellcasting   | 3 |  3.1
Conjurations   | 2 |  2.0
Fighting       | |  0.3
Short Blades   | |  0.8
Dodging        | |  2.5

Action                   |  1- 3 |  4- 6 || total
-------------------------+-------+-------++-------
Melee: Unarmed           |     4 |       ||     4
       Constrict         |     8 |     8 ||    16
       Tentacles         |     4 |     5 ||     9
       Short sword       |    22 |    32 ||    54
Throw: Dart              |       |     6 ||     6
       Javelin           |       |     1 ||     1
 Cast: Flame Tongue      |    36 |    43 ||    79
       Conjure Flame     |       |     1 ||     1
  Use: Potion            |       |     3 ||     3
 Stab: Sleeping          |     4 |     3 ||     7
  Eat: Chunk             |     2 |     6 ||     8
Armor: Skin              |     2 |     5 ||     7
Dodge: Dodged            |    21 |    39 ||    60

Table legend:
 A = Non-vault XP
 B = Vault XP
 C = Vault XP percentage of total XP
 D = Non-vault monster count
 E = Vault monster count
 F = Vault count percentage of total count
                 A         B        C        D         E       F
            +---------+---------+-------+---------+---------+-------
      Total |     249 |       8 |   3.1 |      52 |       4 |   7.1
            +---------+---------+-------+---------+---------+-------
        D:1 |      23 |       0 |   0.0 |       9 |       0 |   0.0
        D:2 |      46 |       0 |   0.0 |      23 |       0 |   0.0
        D:3 |     180 |       8 |   4.3 |      20 |       4 |  16.7
            +---------+---------+-------+---------+---------+-------
